 Dungeon Crawl Stone Soup version 0.18-a0-717-g59c076b (webtiles) character file.

1723 Proton the Martial Artist (level 9, -8/47 HPs)
             Began as a Vine Stalker Monk on Dec 8, 2015.
             Mangled by a two-headed ogre
             ... wielding a +0 giant club
              (15 damage)
             ... on level 7 of the Dungeon.
             The game lasted 00:12:05 (4316 turns).

Proton the Martial Artist (Vine Stalker Monk)       Turns: 4316, Time: 00:12:05

Health: -8/47      AC: 15    Str: 17    XL:     9   Next: 4%
Magic:  0/10       EV:  7    Int: 10    God:
Gold:   266        SH:  0    Dex: 17    Spells: 0 memorised, 8 levels left

rFire  + . .     SeeInvis .       - Unarmed
rCold  . . .     Clarity  .     k - +0 plate armour
rNeg   . . .     SustAt   .     (no shield)
rPois  .         Gourm    .     (no helmet)
rElec  .         Spirit   +     (no cloak)
rCorr  .         Dismiss  .     (no gloves)
rMut   .         Stasis   .     (no boots)
MR     +....                    (no amulet)
Stlth  ..........               r - ring of protection from fire
                                n - +4 ring of protection

@: somewhat resistant to hostile enchantments, extremely unstealthy
A: fangs 3, regeneration 2, magic shield, antimagic bite, no device heal 3, rot
immunity
a: no special abilities


You were on level 7 of the Dungeon.
You were not hungry.

You visited 1 branch of the dungeon, and saw 7 of its levels.
You also visited: Sewer.

You collected 266 gold pieces.

Inventory:

Armour
 k - a +0 plate armour (worn)
Jewellery
 n - a +4 ring of protection (left hand)
 r - a ring of protection from fire (right hand)
Wands
 p - a wand of magic darts (36)
Scrolls
 a - a scroll of enchant weapon {unknown}
 e - 3 scrolls of magic mapping {unknown}
 f - 2 scrolls of remove curse
 g - a scroll of random uselessness {unknown}
 q - a scroll of blinking {unknown}
 s - 5 scrolls of teleportation
Potions
 h - 2 potions of flight {unknown}
 i - 3 potions of curing {unknown}
 l - a potion of resistance
 o - a potion of magic
 t - a potion of haste
 u - a potion of might
Comestibles
 b - 4 bread rations
 c - a royal jelly
 j - 3 fruits


   Skills:
 + Level 5.2 Fighting
 + Level 3.4 Armour
 + Level 5.0 Dodging
 - Level 3.3 Stealth
 * Level 8.2 Unarmed Combat


You had 8 spell levels left.
You didn't know any spells.

Dungeon Overview and Level Annotations

Branches:
Dungeon (7/15)
 Temple: D:4-7

Altars:
Dithmenos
Elyvilon
Gozag
Nemelex Xobeh
Qazlal
Xom
Zin

Annotations:
D:5 Vergil's ghost, novice DsGl


Innate Abilities, Weirdness & Mutations

You have razor-sharp teeth.
You heal very quickly.
When hurt, damage is shared between your health and your magic reserves.
Your bite disrupts and absorbs the magic of your enemies.
Potions and wands cannot restore your health.
You are immune to rotting.


Message History

You are too injured to fight recklessly!
You are too injured to fight recklessly!
You are too injured to fight recklessly!
The kobold throws a stone.
The stone hits you but does no damage.
Things that are here:
2 stones; a giant club; an ogre corpse You see here a stone.
There is an open door here.
The two-headed ogre hits you with a giant club! x2
* * * LOW HITPOINT WARNING * * *
There is an open door here.
You close the door.
A two-headed ogre opens the door.
Items here: ( )) [ † a hand axe of flaming; a battleaxe; 6 tomahawks; a chain mail; an orc corpse
Things that are here:
2 tomahawks; a club; an orc corpse The two-headed ogre hits you with a giant club!
* * * LOW HITPOINT WARNING * * *
The two-headed ogre hits you with a giant club!
You die...

#.##.# ###.##.#
..#.##.# ♣..#
#.#.##.# ♣..#
#.#[##.#
♣..####.#.##.#
♣..#......##.#
♣..####(####.#
♣..#...K)KO@.#
♣♣♣♣♣♣..#.##.######
....)...K.##.#
.......K####.#
######### ..# ###


You could see a two-headed ogre and 2 kobolds.

Vanquished Creatures
  Grinder (D:4)
  Sigmund (D:4)
  Edmund (D:4)
  An orc warrior (D:7)
  A phantom (D:4)
  2 ogres (D:7)
  An ice beast (D:7)
  2 giant frogs (D:7)
  2 big kobolds
  3 scorpions
  An orc priest (D:4)
  A jelly (D:6)
  2 orc wizards
  An iguana (D:4)
  A hound skeleton (D:4)
  13 adders
  A shadow imp (D:5)
  4 worms
  7 giant geckos
  22 orcs
  11 bats
  2 giant cockroaches
  11 hobgoblins
  A quokka (D:3)
  7 ball pythons
  2 giant newts
  10 goblins
  8 jackals (D:1)
  17 kobolds
  A quokka skeleton (D:4)
  7 rats
145 creatures vanquished.

Notes
Turn   | Place    | Note
--------------------------------------------------------------
     0 | D:1      | Proton the Vine Stalker Monk began the quest for the Orb.
     0 | D:1      | Reached XP level 1. HP: 11/11 MP: 2/2
   262 | D:1      | Reached XP level 2. HP: 16/16 MP: 3/3
   380 | D:1      | Reached XP level 3. HP: 15/19 MP: 4/4
   955 | D:2      | Found a shadowy altar of Dithmenos.
  1198 | D:2      | Reached XP level 4. HP: 24/24 MP: 5/5
  1497 | D:2      | Found a sparkling altar of Nemelex Xobeh.
  1497 | D:2      | Found an opulent altar of Gozag.
  1736 | D:3      | Reached XP level 5. HP: 28/28 MP: 6/6
  1782 | D:3      | Reached skill level 5 in Unarmed Combat
  2102 | D:3      | Found a white marble altar of Elyvilon.
  2453 | D:4      | Noticed Grinder
  2466 | D:4      | Killed Grinder
  2466 | D:4      | Reached skill level 1 in Armour
  2466 | D:4      | Gained mutation: You heal very quickly. [Vine Stalker growth]
  2466 | D:4      | Reached XP level 6. HP: 11/33 MP: 5/7
  2553 | D:4      | Reached skill level 6 in Unarmed Combat
  2616 | D:4      | Reached XP level 7. HP: 37/37 MP: 8/8
  2849 | D:4      | Found a stormy altar of Qazlal.
  2993 | D:4      | Noticed Sigmund
  3014 | D:4      | Killed Sigmund
  3033 | D:4      | Noticed Edmund
  3107 | D:4      | Killed Edmund
  3107 | D:4      | Reached skill level 7 in Unarmed Combat
  3107 | D:4      | Gained mutation: You have razor-sharp teeth. [Vine Stalker growth]
  3107 | D:4      | Reached XP level 8. HP: 37/42 MP: 9/9
  3458 | D:5      | Entered Level 5 of the Dungeon
  3577 | D:5      | Found a glowing drain.
  3634 | Sewer    | Entered a sewer
  3971 | D:5      | Noticed Vergil's ghost (novice DsGl)
  4072 | D:6      | Found a glowing silver altar of Zin.
  4072 | D:6      | Found a shimmering altar of Xom.
  4073 | D:6      | Noticed an angel
  4160 | D:7      | Found an opulent altar of Gozag.
  4218 | D:7      | Reached skill level 5 in Fighting
  4264 | D:7      | Reached skill level 8 in Unarmed Combat
  4279 | D:7      | Reached XP level 9. HP: 44/47 MP: 10/10
  4293 | D:7      | Reached skill level 5 in Dodging
  4316 | D:7      | Mangled by a two-headed ogre

Vault maps used:
D:1:      kilobyte_arrival_exit_the_forest
D:2:      grunt_temple_overflow_opulence, old_standard_altar, first_bread
D:3:      lemuel_round_altar, hangedman_feature_mirror, st_stairs_9
D:4:      nicolae_qazlal_general_emergency, sigmund_edmund_badplayer,
          uniq_grinder
D:5:      lightli_sewer_entry_pipes, uniq_sigmund
D:6:      grunt_temple_overflow_order_and_chaos_1,
          minmay_temple_entry_nine_rooms
D:7:      basic_altar, kennysheep_small_spiral
Sewer:    sewer_co_15_rooms

Action                   |  1- 3 |  4- 6 |  7- 9 || total
-------------------------+-------+-------+-------++-------
Melee: Unarmed           |   114 |   239 |   319 ||   672
  Use: Scroll            |       |       |     7 ||     7
 Stab: Sleeping          |     7 |     4 |       ||    11
       Distracted        |     1 |       |       ||     1
  Eat: Meat ration       |       |     1 |     1 ||     2
       Pizza             |       |     1 |       ||     1
       Beef jerky        |       |       |     1 ||     1
